 Dungeon Sprint DCSS version 0.29.1-12-g30fa7ad0bf (webtiles) character file.

Game seed: 18311192368511667190

560 Groucho the Unseen (level 7, -7/32 HPs)
             Began as a Spriggan Enchanter on Dec 26, 2022.
             Mangled by a boulder beetle (15 damage)
             ... in the Dungeon (Sprint II: "The Violet Keep of Menkaure").
             The game lasted 00:01:30 (710 turns).

Groucho the Unseen (Spriggan Enchanter)              Turns: 710, Time: 00:01:31

Health: -7/32      AC:  2    Str:  6    XL:     7   Next: 9%
Magic:  15/21      EV: 17    Int: 17    God:
Gold:   729        SH:  0    Dex: 15    Spells: 17/25 levels left

rFire   . . .      SeeInvis +   a - +1 dagger
rCold   . . .      Faith    .   (no shield)
rNeg    . . .      Spirit   .   b - +0 robe
rPois   .          Reflect  .   (helmet restricted)
rElec   .          Harm     .   (no cloak)
rCorr   .          Rampage  .   (gloves unavailable)
Will    +....      NoTele   +   (boots unavailable)
Stlth   ++++++....              (no amulet)
HPRegen 0.10/turn               (no ring)
MPRegen 0.17/turn               (no ring)

@: very quick
A: very small, no large weapons, unfitting armour, see invisible, speed 3
a: no special abilities


You were in the Dungeon.
You visited 1 branch You collected 729 gold pieces.

Inventory:

Hand Weapons
 a - a +1 dagger (weapon)
Armour
 b - a +0 robe (worn)
Scrolls
 i - a scroll of blinking
Potions
 c - a potion of invisibility
 d - a potion of curing
 e - a potion of heal wounds
 g - 2 potions of magic


   Skills:
 + Level 1.1 Short Blades
 - Level 2.6 Dodging
 - Level 16.0 Stealth
 + Level 9.9 Spellcasting
 + Level 10.4 Hexes


You had 17 spell levels left.
You knew the following spells:

 Your Spells              Type           Power      Damage    Failure   Level
a - Ensorcelled Hibernat  Hex/Ice        52%        N/A       1%          2
b - Confusing Touch       Hex            44%        N/A       1%          3
c - Dazzling Flash        Conj/Hex       52%        N/A       3%          3

Your spell library contained the following spells:

 Spells                   Type           Power      Damage    Failure   Level
 Tukima's Dance           Hex            44%        N/A       1%          3


Dungeon Overview and Level Annotations

Branches:
Dungeon (1/1)

Altars:


Innate Abilities, Weirdness & Mutations

You are very small and have problems with some larger weapons.
You are too small for most types of armour.
You have supernaturally acute eyesight. (SInv)
You cover ground extremely quickly. (Speed+++)


Message History

There is an open door here.
The boulder beetle leaps!
You close the door.
The boulder beetle curls into a ball and begins rolling!
As you open the door, it creaks loudly! The boulder beetle hits you.
The boulder beetle stops rolling and uncurls.
The boulder beetle barely misses you.
There is an open door here.
As you close the door, it creaks loudly!
You start resting.
HP restored.
You start waiting.
Done waiting.
You open the door.
Casting: Ensorcelled Hibernation (safe; 1% risk of failure)
Confirm with . or Enter, or press ? or * to list all spells.
Aiming: Ensorcelled Hibernation (safe; 1% risk of failure)
Press: ? - help, Shift-Dir - straight line, f - boulder beetle
Aim: a boulder beetle (wandering, hasn't noticed you, chance to affect: 39%)
The boulder beetle resists with some effort.
The boulder beetle bites you!!
Ouch! That really hurt!
* * * LOW HITPOINT WARNING * * *
There is a staircase leading out of the dungeon here.
Casting: Ensorcelled Hibernation (safe; 1% risk of failure)
Confirm with . or Enter, or press ? or * to list all spells.
Aiming: Ensorcelled Hibernation (safe; 1% risk of failure)
Press: ? - help, Shift-Dir - straight line, f/p - boulder beetle
Aim: a boulder beetle (chance to affect: 39%)
The boulder beetle resists with some effort.
The boulder beetle leaps!
Casting: Ensorcelled Hibernation (safe; 1% risk of failure)
Confirm with . or Enter, or press ? or * to list all spells.
Aiming: Ensorcelled Hibernation (safe; 1% risk of failure)
Press: ? - help, Shift-Dir - straight line, f/p - boulder beetle
Aim: a boulder beetle (chance to affect: 39%)
The boulder beetle resists with some effort.
The boulder beetle bites you!
You die...

##+## ##.#.##
#..#..# ###.#
## #'###.##
####.##...#
+##.'.@.B###+
#...##B##..$#
##.###'###.##
####...####
#.)#..#
##...## ##+##


You could see 2 boulder beetles.

Vanquished Creatures
  A merfolk siren (D)
  4 scorpions (D)
  2 worms (D)
7 creatures vanquished.

Vanquished Creatures (others)
  A water moccasin (D)
1 creature vanquished.

Grand Total: 8 creatures vanquished

Notes
Turn   | Place    | Note
-------+----------+-------------------------------------------
     0 | D        | Groucho the Spriggan Enchanter began the quest for the Orb.
     0 | D        | Reached XP level 1. HP: 9/9 MP: 5/5
     6 | D        | Noticed a scorpion
     6 | D        | Noticed a scorpion
     9 | D        | Noticed a boulder beetle
     9 | D        | Noticed a boulder beetle
    12 | D        | Noticed a merfolk siren
    16 | D        | Noticed a scorpion
    17 | D        | Noticed a scorpion
    23 | D        | Killed a scorpion
    24 | D        | Reached skill level 9 in Stealth
    24 | D        | Reached skill level 5 in Spellcasting
    24 | D        | Reached skill level 5 in Hexes
    24 | D        | Reached XP level 2. HP: 13/13 MP: 6/9
    24 | D        | Reached XP level 3. HP: 16/16 MP: 6/10
    25 | D        | Killed a scorpion
    26 | D        | Reached skill level 11 in Stealth
    26 | D        | Reached XP level 4. HP: 21/21 MP: 7/13
    29 | D        | Killed a scorpion
    30 | D        | Reached skill level 12 in Stealth
    30 | D        | Reached XP level 5. HP: 24/24 MP: 7/15
    36 | D        | Reached skill level 13 in Stealth
    54 | D        | Killed a water moccasin
   310 | D        | Learned a level 2 spell: Ensorcelled Hibernation
   314 | D        | Learned a level 3 spell: Confusing Touch
   318 | D        | Learned a level 3 spell: Dazzling Flash
   335 | D        | Killed a merfolk siren
   336 | D        | Reached skill level 16 in Stealth
   336 | D        | Reached skill level 10 in Hexes
   336 | D        | Reached XP level 6. HP: 28/28 MP: 13/19
   336 | D        | Reached XP level 7. HP: 32/32 MP: 14/21
   710 | D        | Mangled by a boulder beetle

Illustrated notes

Levels and vault maps discovered:
D:        the_violet_keep_of_menkaure [sprint2_stairs_cluster_1,
          sprint2_shoproom, sprint2_temple, sprint2_basic_supplies,
          sprint2_obstacle_1, sprint2_obstacle_3, sprint2_obstacle_2,
          sprint2_obstacle_4, sprint2_obstacle_5, sprint2_timed_cluster_1,
          sprint2_smallroom_cluster_1, sprint2_smallroom_final_cluster_1,
          sprint2_transparent_cluster_1, sprint2_second_timed_cluster_1,
          sprint2_sniper_area_1, sprint2_heavy_combat_area_1,
          sprint2_mutation_trap_area_1, sprint2_forest_area_1,
          sprint2_light_combat_area_1, sprint2_behind_water_1,
          sprint2_near_end_vault_1]

Skill      XL: |  1  2  3  4  5 |
---------------+----------------+-----
Stealth        | 9 11 12 16 | 16.0
Spellcasting   | 5 6 7 9 |  9.9
Hexes          | 5 6 7 10 | 10.4
Short Blades   | |  1.1
Dodging        | |  2.6

Action                   |  1- 3 |  4- 6 |  7- 9 || total
-------------------------+-------+-------+-------++-------
Melee: Dagger            |     7 |    11 |       ||    18
 Cast: Ensorcelled Hiber |       |     2 |     3 ||     5
  Use: Potion            |     3 |       |       ||     3
 Stab: Invisible         |     2 |       |       ||     2
       Sleeping          |       |     3 |       ||     3
Dodge: Dodged            |     3 |     5 |     1 ||     9
